 Dungeon Crawl Stone Soup version 0.32-a0-433-g08bcfe7efd (webtiles) character file.

Game seed: 8524621154342058105

44 Cast1ntoTheFire the Shooter (level 3, -8/27 HPs)
             Began as a Coglin Hexslinger on Feb 22, 2024.
             Killed by divine providence
             ... invoked by an orc priest
              (16 damage)
             ... on level 2 of the Dungeon.
             The game lasted 00:01:14 (813 turns).

Cast1ntoTheFire the Shooter (Coglin Hexslinger)      Turns: 813, Time: 00:01:15

Health: -8/27      AC:  4    Str:  8    XL:     3   Next: 62%
Magic:  4/4        EV: 11    Int: 12    God:
Gold:   50         SH:  0    Dex: 18    Spells: 4/4 levels left

rFire   . . .        a - +1 sling {Prasit}
rCold   . . .        (no shield)
rNeg    . . .        e - +0 leather armour
rPois   .            (no helmet)
rElec   .            (no cloak)
rCorr   .            h - +0 pair of gloves
SInv    .            (no boots)
Will    .....        (no amulet)
Stlth   +            (no ring)
HPRegen 0.24/turn    (no ring)
MPRegen 0.09/turn

%: no passive effects
@: about to teleport, immotile, revved
A: off-hand wielding, slow wielding, warmup strikes, legs shutdown
a: Convert to Beogh


You were on level 2 of the Dungeon.
You visited 1 branch of the dungeon, and saw 2 of its levels.

You collected 50 gold pieces.

Inventory:

Hand Weapons
 a - a +1 sling (weapon) {Prasit}
Armour
 c - a +0 robe
 e - a +0 leather armour (worn)
 h - a +0 pair of gloves (worn)
Scrolls
 b - a scroll of poison
 d - a scroll of teleportation {@r3}
Potions
 f - 2 potions of attraction {unknown}
 g - a potion of mutation {unknown}


   Skills:
 + Level 2.0 Fighting
 * Level 3.0 Ranged Weapons
 - Level 1.7 Dodging
 - Level 1.0 Spellcasting
 - Level 2.6 Hexes
 - Level 0.8 Fire Magic


You had 4 spell levels left.
You didn't know any spells.
Your spell library contained the following spells:

 Spells                   Type           Power      Damage    Failure   Level
 Jinxbite                 Hex            14%        N/A       22%         2
 Sigil of Binding         Hex            7%         N/A       41%         3
 Inner Flame              Hex/Fire       4%         N/A       54%         3
 Cause Fear               Hex            3%         N/A       82%         4
 Dimensional Bullseye     Hex/Tloc       1%         N/A       94%         4


Dungeon Overview and Level Annotations

Branches:
Dungeon (2/15)

Altars:

Annotations:
D:2 Terence


Innate Abilities, Weirdness & Mutations

You can wield a second weapon in your off-hand.
It takes a long time for you to wield or remove held weapons.
Your first few attacks do less damage.
Attacking and casting redirects power from your legs.


Message History

You shoot a sling bullet. The sling bullet hits the orc.
You kill the orc!
You shoot a sling bullet. The sling bullet hits the orc.
The orc is lightly wounded.
You shoot a sling bullet. The sling bullet barely misses the orc.
Terence the Incautious comes into view.
He is wielding a +0 hand axe.
You shoot a sling bullet. The sling bullet hits the orc!
You kill the orc!
You hear a splash. x2
You shoot a sling bullet. The sling bullet hits the orc priest.
The orc priest is moderately wounded.
The orc priest begins to cast a cantrip, but forgets the words!
You shoot a sling bullet.
The sling bullet closely misses the orc priest.
The orc priest closely misses you.
You shoot a sling bullet. The sling bullet hits the orc priest.
The orc priest is heavily wounded.
The orc priest invokes the aid of Beogh against you.
Beogh smites you!
Ouch! That really hurt!
The orc priest shouts, "Surrender to Beogh and we'll let you live!" (press Y on the ability menu to convert to Beogh)
As you read the scroll labelled ZINAMO XOKOCOI, it crumbles to dust.
It is a scroll of identify.
d - 2 scrolls of teleportation You are no longer unable to travel.
The orc priest hits you but does no damage.
Unknown command.
As you read the scroll of teleportation {@r3}, it crumbles to dust.
You feel strangely unstable.
The orc priest hits you with a +0 dagger.
* * * LOW HITPOINT WARNING * * *
Terence hits you with a +0 hand axe.
* * * LOW HITPOINT WARNING * * *
You shoot a sling bullet. The sling bullet hits the orc priest.
The orc priest is heavily wounded.
The orc priest calls down the wrath of Beogh upon you.
Beogh smites you!
Ouch! That really hurt!
You die...

##.† ≈...~..#.#
.... ........
.... .......
.... .....# ##..
))..# ...#
#######o@#
.......@.#
#####.#.#..#
...........#
##......##
####)##.#######.
.#..
.....##.........
...#
#......########
.### ##.#.##.#
#.......#


You could see Terence and an orc priest.

Vanquished Creatures
  A dart slug (D:2)
  2 orcs (D:2)
  5 ball pythons
  A bat (D:1)
  3 endoplasms (D:1)
  A giant cockroach (D:1)
  6 goblins
  4 hobgoblins (D:1)
  3 quokkas
  A frilled lizard (D:1)
  3 kobolds (D:1)
  7 rats
37 creatures vanquished.

Notes
Turn   | Place    | Note
-------+----------+-------------------------------------------
     0 | D:1      | Cast1ntoTheFire the Coglin Hexslinger began the quest for
                  | the Orb.
     0 | D:1      | Reached XP level 1. HP: 15/15 MP: 2/2
    79 | D:1      | Reached skill level 2 in Ranged Weapons
   104 | D:1      | Reached XP level 2. HP: 21/21 MP: 3/3
   280 | D:1      | Reached XP level 3. HP: 27/27 MP: 4/4
   776 | D:2      | Reached skill level 3 in Ranged Weapons
   806 | D:2      | Noticed Terence
   813 | D:2      | Killed from afar by an orc priest

Illustrated notes

Levels and vault maps discovered:
D:1:      saegor_arrival_simple_b, layout_rooms
D:2:      cheibrodos_pilgrimage, layout_loops_cross, serial_shops, shop,
          uniq_sigmund, uniq_robin, uniq_terence

Skill      XL: |  1  2  3 |
---------------+----------+-----
Ranged Weapons | 2 3 |  3.0
Fighting       | 2 |  2.0
Dodging        | |  1.7
Spellcasting   | |  1.0
Hexes          | |  2.6
Fire Magic     | |  0.8

Action                     || total
---------------------------++-------
   Fire: Sling             ||   110
    Use: Scroll            ||     2
 Armour: Leather armour    ||    25
  Dodge: Dodged            ||    26

Table legend: (Time is in decaauts)
 A = Elapsed time spent in this place.
 B = Non-inter-level travel time spent in this place.
 C = Inter-level travel time spent in this place.
 D = Time resting spent in this place.
 E = Time spent auto-exploring this place.
 F = Levels seen in this place.
 G = Mean time per level.
                   A        B        C        D        E       F      G
               +--------+--------+--------+--------+--------+-----+--------+
         Total |    848 |    845 |      3 |      0 |    634 |   2 |  424.0 |
       Dungeon |    848 |    845 |      3 |      0 |    634 |   2 |  424.0 |
               +--------+--------+--------+--------+--------+-----+--------+

Top non-repeatable levels by time:
     D:1: 559 daAuts
     D:2: 288 daAuts
